 Dungeon Crawl Stone Soup version 0.22-a0-619-ga0c6fd2 (webtiles) character file.

681 Gildeon the Sneak (level 7, -1/47 HPs)
             Began as a Vampire Transmuter on July 14, 2018.
             Slain by a hound (5 damage)
             ... on level 4 of the Dungeon.
             The game lasted 00:16:24 (2228 turns).

Gildeon the Sneak (Vampire Transmuter)              Turns: 2228, Time: 00:16:25

Health: -1/47      AC:  2    Str: 10    XL:     7   Next: 34%
Magic:  11/12      EV: 14    Int: 16    God:
Gold:   165        SH:  0    Dex: 13    Spells: 7/13 levels left

rFire    . . .     SeeInvis +     - Unarmed
rCold    + + .     Gourm    .   (no shield)
rNeg     . . .     Faith    .   b - +0 robe
rPois    .         Spirit   .   (no helmet)
rElec    .         Reflect  .   (no cloak)
rCorr    .         Harm     .   (no gloves)
MR       .....                  (no boots)
Stlth    +++.......             (no amulet)
HPRegen  0.35/turn              m - ring of protection from cold
MPRegen  0.13/turn              (no ring)

@: appendage, regenerating quickly
A: fangs 3, horns 2, see invisible, clumsy 1, cold resistance 1, unbreathing
a: End Transformation


You were on level 4 of the Dungeon.
You were very full.
You had grown temporary horns.
You visited 1 branch of the dungeon, and saw 4 of its levels.

You collected 165 gold pieces.

Inventory:

Hand Weapons
 d - a +1 falchion of holy wrath
 h - a +1 whip of flaming
Missiles
 a - 25 arrows
Armour
 b - a +0 robe (worn)
Jewellery
 m - a ring of protection from cold (left hand)
Wands
 c - a wand of disintegration (10)
Scrolls
 f - 2 scrolls of teleportation
Potions
 e - a potion of magic
 g - 15 potions of blood
 k - a potion of haste {unknown}
 l - a potion of flight {unknown}
 n - a potion of heal wounds {unknown}


   Skills:
 - Level 0.8 Fighting
 + Level 4.5 Dodging
 + Level 5.3 Stealth
 + Level 5.1 Unarmed Combat
 + Level 3.7 Spellcasting
 + Level 4.4 Transmutations


You had 7 spell levels left.
You knew the following spells:

 Your Spells              Type           Power        Failure   Level  Hunger
a - Beastly Appendage     Tmut           ###...       2%          1    None
b - Sticks to Snakes      Tmut           ###.....     4%          2    ##.....
c - Spider Form           Tmut/Pois      ##........   22%         3    ###....

Your spell library contained the following spells:

 Spells                   Type           Power        Failure   Level  Hunger
 Blade Hands              Tmut           ###.......   61%         5    ######.
 Ice Form                 Ice/Tmut       ##......     56%         4    ####...


Dungeon Overview and Level Annotations

Branches:
Dungeon (4/15)
 Temple: D:4-7

Altars:

Annotations:
D:4 Ijyb


Innate Abilities, Weirdness & Mutations

Your natural rate of healing is unusually fast.
You have razor-sharp teeth.
You have supernaturally acute eyesight. (SInv)
You can survive without breathing.
You have a pair of horns on your head.
You are clumsy. (Dex -2)
Your flesh is cold resistant. (rC+)


Message History

The adder skeleton closely misses you. The hound bites you.
* * * LOW HITPOINT WARNING * * *
You hit the hound but do no damage.
The hound is heavily wounded.
The hound closely misses you. The adder skeleton misses you.
Casting: Beastly Appendage (safe; 2% risk of failure)
Confirm with . or Enter, or press ? or * to list all spells.
You grow a pair of large bovine horns.
The hound closely misses you. The adder skeleton bites you.
* * * LOW HITPOINT WARNING * * *
The hound closely misses you.
You hit the hound. Your bite misses the hound.
The hound is heavily wounded.
The hound misses you. The adder skeleton closely misses you.
You hit the hound.
The hound is almost dead.
The hound closely misses you.
The adder skeleton bites you but does no damage.
The hound bites you.
You die...

+... ... #...########. .(.
....'........ ..##
#...#.########## #..#
#.....[.p[.....# #..#
###.#.########.# #..##
#.#........#.# #†..# #
#..#####.#.#######)#.##..
#).#####.#[Z@h...()....%..
##........<###########.##+#
.....#....## .# #........#
.. #........# ..
#.......P.%.... .
...?..###o...P.. ......
#.P..... .#... .).sP.P.


You could see a hound and an adder skeleton.

Vanquished Creatures
  Pikel (D:4)
  3 slaves (D:4)
  A hound (D:4)
  Jessica (D:3)
  Natasha (D:3)
  A worker ant (D:4)
  5 adders
  An ooze (D:1)
  2 worms
  3 dart slugs
  2 leopard geckos
  6 orcs
  8 giant cockroaches
  5 hobgoblins
  4 jackals (D:1)
  2 kobolds (D:1)
  3 quokkas
  8 bats
  6 frilled lizards
  6 goblins
  8 rats
77 creatures vanquished.

Vanquished Creatures (others)
  An orc (D:4)
  A giant cockroach (D:4)
2 creatures vanquished.

Grand Total: 79 creatures vanquished

Notes
Turn   | Place    | Note
-------+----------+-------------------------------------------
     0 | D:1      | Gildeon the Vampire Transmuter began the quest for the Orb.
     0 | D:1      | Reached XP level 1. HP: 14/14 MP: 3/3
   215 | D:1      | Reached skill level 1 in Stealth
   225 | D:1      | Reached XP level 2. HP: 18/20 MP: 3/5
   278 | D:1      | Learned a level 2 spell: Sticks to Snakes
   491 | D:1      | Reached XP level 3. HP: 25/25 MP: 6/6
   496 | D:1      | Learned a level 3 spell: Spider Form
  1180 | D:2      | Reached XP level 4. HP: 19/31 MP: 5/7
  1431 | D:3      | Noticed Natasha
  1520 | D:3      | Gained mutation: You are clumsy. (Dex -2) [potion of mutation]
  1520 | D:3      | Gained mutation: Your flesh is cold resistant. (rC+) [potion of mutation]
  1748 | D:3      | Noticed Jessica
  1762 | D:3      | Killed Natasha
  1762 | D:3      | Reached XP level 5. HP: 23/36 MP: 1/9
  1771 | D:3      | Killed Jessica
  2025 | D:4      | Noticed a slave
  2026 | D:4      | Noticed a slave
  2028 | D:4      | Noticed a slave
  2029 | D:4      | Noticed a slave
  2030 | D:4      | Noticed Pikel
  2044 | D:4      | Killed a slave
  2046 | D:4      | Killed a slave
  2050 | D:4      | Killed a slave
  2074 | D:4      | Killed Pikel
  2074 | D:4      | Reached skill level 5 in Stealth
  2074 | D:4      | Reached skill level 5 in Unarmed Combat
  2074 | D:4      | Reached XP level 6. HP: 10/42 MP: 7/11
  2074 | D:4      | Reached XP level 7. HP: 12/47 MP: 7/12
  2159 | D:4      | Noticed Ijyb
  2218 | D:4      | HP: 2/47 [adder skeleton (1)]
  2228 | D:4      | Slain by a hound

Vault maps used:
D:1:      lemuel_arrival_muddy
D:2:      minmay_tiny_reverse_x
D:3:      uniq_natasha, uniq_jessica
D:4:      kiku_gazebo_garden_becter, elyvilon_altar_3, first_ration,
          serial_park_tiny_1, nemelex_diamond_rough_becter, uniq_ijyb,
          uniq_pikel

Skill      XL: |  1  2  3  4  5 |
---------------+----------------+-----
Stealth        | 1 2 3 5 |  5.3
Dodging        | 3 4 |  4.5
Transmutations | 3 4 |  4.4
Unarmed Combat | 4 5 |  5.1
Spellcasting   | 3 |  3.7
Fighting       | |  0.8

Action                   |  1- 3 |  4- 6 |  7- 9 || total
-------------------------+-------+-------+-------++-------
Melee: Unarmed           |   139 |   123 |    42 ||   304
       Kick              |    11 |     4 |     4 ||    19
       Headbutt          |     4 |     5 |     2 ||    11
       Bite              |     9 |    10 |     2 ||    21
       Punch             |     2 |       |       ||     2
 Cast: Beastly Appendage |    15 |     7 |     4 ||    26
       Sticks to Snakes  |       |     3 |     2 ||     5
  Use: Potion            |    12 |     7 |     3 ||    22
       Scroll            |     3 |     8 |       ||    11
 Stab: Sleeping          |     5 |     5 |     1 ||    11
  Eat: Corpse            |       |     1 |       ||     1
Armor: Robe              |    34 |    12 |     7 ||    53
       Skin              |       |     8 |       ||     8
Dodge: Dodged            |   101 |    70 |    39 ||   210

Table legend:
 A = Spawn XP
 B = Non-spawn XP
 C = Spawn XP percentage of total XP
 D = Spawn monster count
 E = Non-spawn monster count
 F = Spawn count percentage of total count
 G = Total turns spent on level
                    A         B        C        D         E        F      G
               +---------+---------+-------+---------+---------+-------+---------
         Total |       0 |     974 |   0.0 |       0 |      74 |   0.0 |  2228
               +---------+---------+-------+---------+---------+-------+---------
           D:1 |       0 |      46 |   0.0 |       0 |      24 |   0.0 |   746
           D:2 |       0 |      58 |   0.0 |       0 |      16 |   0.0 |   549
           D:3 |       0 |     133 |   0.0 |       0 |      24 |   0.0 |   719
           D:4 |       0 |     737 |   0.0 |       0 |      10 |   0.0 |   214
               +---------+---------+-------+---------+---------+-------+---------
